 Dungeon Crawl Stone Soup version bcrawl-1.20.1 (webtiles) character file.

Game seed: 654520944629413023

37 Revguard the Ducker (level 3, -3/27 HPs)
             Began as a Hill Orc Archaeologist on Jan 25, 2020.
             Was an Initiate of Cheibriados.
             Slain by an iguana (9 damage)
             ... on level 3 of the Dungeon.
             The game lasted 00:05:30 (2168 turns).

Revguard the Ducker (Hill Orc Archaeologist)        Turns: 2168, Time: 00:05:31

Health: -3/27      AC:  8    Str: 14    XL:     3   Next: 39%
Magic:  3/3        EV: 11    Int: 15    God:    Cheibriados [......]
Gold:   54         SH:  0    Dex: 11    Spells: 2/2 levels left

rFire    . . .     SeeInvis .   u - +0 hand axe
rCold    . . .     Gourm    .   (no shield)
rNeg     . . .     Faith    .   w - +0 ring mail
rPois    .         Spirit   .   c - +1 hat
rElec    .         Reflect  .   l - scarf {cloud immunity}
rCorr    .         Harm     .   (no gloves)
MR       .....                  d - +1 pair of boots
Stlth    +++.......             (no amulet)
HPRegen  0.09/turn              v - ring of stealth
MPRegen  0.08/turn              (no ring)

@: studying Bows, very slow
A: no striking features
a: Bend Time, Renounce Religion


You were on level 3 of the Dungeon.
You worshipped Cheibriados.
Cheibriados was noncommittal.
You were not hungry.

You visited 1 branch of the dungeon, and saw 3 of its levels.

You collected 54 gold pieces.

Inventory:

Hand Weapons
 a - a +0 whip
 u - a +0 hand axe (weapon)
Armour
 b - a +1 robe
 c - a +1 hat (worn)
 d - a +1 pair of boots (worn)
 l - a scarf of cloud immunity (worn)
 m - a +0 leather armour
 w - a +0 ring mail (worn)
Jewellery
 v - a ring of stealth (left hand)
 x - a -3 ring of evasion
Scrolls
 j - a scroll of identify {unknown}
 k - a scroll of magic mapping {unknown}
 o - a scroll of fear {unknown}
 p - 3 scrolls of teleportation {unknown}
 q - a scroll of immolation {unknown}
 s - a scroll of enchant weapon {unknown}
 t - 2 scrolls of enchant armour {unknown}
Potions
 h - a potion of cancellation {unknown}
 i - 2 potions of curing
 n - 2 potions of might {unknown}
 r - a potion of mutation {unknown}
Books
 g - a manual of Bows
Miscellaneous
 f - an ancient crate
Comestibles
 e - a ration {!d}


   Skills:
 + Level 0.9 Fighting
   Level 0.9 Short Blades
   Level 0.9 Long Blades
   Level 0.9 Axes
   Level 0.9 Maces & Flails
   Level 0.9 Polearms
   Level 0.9 Staves
 * Level 1.4 Armour
 + Level 3.2 Dodging
 - Level 2.6 Stealth
   Level 0.9 Unarmed Combat


You had 2 spell levels left.
You didn't know any spells.
Your spell library was empty.

Dungeon Overview and Level Annotations

Branches:
Dungeon (3/12)

Altars:
Cheibriados
Lugonu


Message History

The iguana is lightly wounded.
The iguana bites you but does no damage.
You closely miss the iguana.
The iguana is lightly wounded.
The iguana bites you.
You hit the iguana but do no damage.
The iguana is lightly wounded.
The iguana misses you. The iguana bites you.
You barely miss the iguana.
The iguana is lightly wounded.
The iguana bites you but does no damage.
You hit the iguana.
The iguana is moderately wounded.
The iguana barely misses you.
You closely miss the iguana.
The iguana is moderately wounded.
The iguana bites you!
* * * LOW HITPOINT WARNING * * *
The iguana bites you!
You die...

#.# #.# #.# #.# #.# #.#
####<# #.# .....# #.#
#########.##
######.....#
.......##..########.###
######< #.......@.....#
##### ##....?.l...#.#
..... #.#.########
##### #.###. ..# #. ###
##


You could see an iguana.

Vanquished Creatures
  An adder (D:2)
  A leopard gecko (D:1)
  4 bats
  5 hobgoblins
  2 frilled lizards (D:2)
  5 goblins
  4 kobolds
  4 rats
26 creatures vanquished.

Notes
Turn   | Place    | Note
-------+----------+-------------------------------------------
     0 | D:1      | Revguard the Hill Orc Archaeologist began the quest for the
                  | Orb.
     0 | D:1      | Reached XP level 1. HP: 15/15 MP: 1/1
     3 | D:1      | Noticed an electric eel
     3 | D:1      | Noticed an electric eel
   314 | D:1      | Reached XP level 2. HP: 22/22 MP: 2/2
   594 | D:1      | Reached skill level 3 in Dodging
  1511 | D:2      | Found a snail-covered altar of Cheibriados.
  1548 | D:2      | Reached skill level 1 in Armour
  1548 | D:2      | Reached XP level 3. HP: 12/27 MP: 3/3
  1777 | D:2      | Became a worshipper of Cheibriados the Contemplative
  1866 | D:2      | Found a corrupted altar of Lugonu.
  2168 | D:3      | Slain by an iguana

Skill      XL: |  1  2 |
---------------+-------+-----
Dodging        | 3 |  3.2
Armour         | 1 |  1.4
Fighting       | |  0.9
Short Blades   | |  0.9
Long Blades    | |  0.9
Axes           | |  0.9
Maces & Flails | |  0.9
Polearms       | |  0.9
Staves         | |  0.9
Stealth        | |  2.6
Unarmed Combat | |  0.9

Action                   || total
-------------------------++-------
Melee: Whip              ||    63
       Hand axe          ||    42
  Use: Scroll            ||     2
       Potion            ||     1
 Stab: Sleeping          ||     4
  Eat: Chunk             ||     4
Armor: Robe              ||    14
       Leather armour    ||    31
       Ring mail         ||     2
Dodge: Dodged            ||    83
